 Dungeon Crawl Stone Soup version 0.24.0-123-gd5b16e6ec5 (webtiles) character file.

Game seed: 5695484395443483416, levelgen mode: deterministic

35 louiscrawler the Firebug (level 3, -2/19 HPs)
             Began as a Tengu Fire Elementalist on Jan 29, 2020.
             Slain by an adder (5 damage)
             ... on level 2 of the Dungeon.
             The game lasted 00:04:56 (1141 turns).

louiscrawler the Firebug (Tengu Fire Elementalist)  Turns: 1141, Time: 00:04:57

Health: -2/19      AC:  2    Str:  9    XL:     3   Next: 33%
Magic:  0/7        EV: 13    Int: 15    God:
Gold:   91         SH:  0    Dex: 14    Spells: 1/7 levels left

rFire    . . .     SeeInvis .   d - +0 dagger
rCold    . . .     Gourm    .   (no shield)
rNeg     . . .     Faith    .   a - +0 robe
rPois    .         Spirit   .   (helmet restricted)
rElec    .         Reflect  .   (no cloak)
rCorr    .         Harm     .   (no gloves)
MR       .....                  (boots unavailable)
Stlth    ++........             (no amulet)
HPRegen  0.06/turn              (no ring)
MPRegen  0.10/turn              (no ring)

@: no status effects
A: beak, talons 3
a: no special abilities


You were on level 2 of the Dungeon.
You were not hungry.

You visited 1 branch of the dungeon, and saw 2 of its levels.

You collected 91 gold pieces.

Inventory:

Hand Weapons
 d - a +0 dagger (weapon)
Armour
 a - a +0 robe (worn)
Scrolls
 b - a scroll of remove curse
 e - a scroll of identify {unknown}
 g - a scroll of enchant weapon {unknown}
 h - a scroll of enchant armour {unknown}
Potions
 f - a potion of magic {unknown}
 i - a potion of might {unknown}
Comestibles
 c - 2 rations


   Skills:
 * Level 2.5 Dodging
 + Level 2.3 Stealth
 * Level 2.5 Spellcasting
 * Level 1.8 Conjurations
 + Level 3.7 Fire Magic


You had one spell level left.
You knew the following spells:

 Your Spells              Type           Power        Failure   Level  Hunger
a - Flame Tongue          Conj/Fire      ##...        7%          1    #......
b - Throw Flame           Conj/Fire      ##....       10%         2    ###....
c - Conjure Flame         Conj/Fire      ##......     21%         3    ###....

Your spell library contained the following spells:

 Spells                   Type           Power        Failure   Level  Hunger
 Inner Flame              Hex/Fire       #.......     28%         3    ###....
 Sticky Flame             Conj/Fire      ##......     54%         4    #####..
 Fireball                 Conj/Fire      ##........   88%         5    ######.


Dungeon Overview and Level Annotations

Branches:
Dungeon (2/15)

Altars:


Innate Abilities, Weirdness & Mutations

You have a beak for a mouth.
You have claws for feet.


Message History

The adder bites you.
* * * LOW HITPOINT WARNING * * *
You miss the adder.
The adder is heavily wounded.
The adder bites you but does no damage.
You barely miss the adder.
The adder is heavily wounded.
The adder bites you but does no damage. The adder misses you.
You hit the adder. Your kick misses the adder.
The adder is severely wounded.
The adder barely misses you.
You hit the adder but do no damage.
The adder is severely wounded.
The adder bites you.
* * * LOW HITPOINT WARNING * * *
You completely miss the adder. Your kick misses the adder.
Your peck misses the adder.
The adder is severely wounded.
The adder bites you.
You die...

....... ).# ###...#
#.# #....)# #.#
#...#...####.#### #
##..........#
......##.##.##.#
..#.#..........#
#......#######S######
#.#.#.. #@.....#
#..... #.#.#..###.#
##.... #..........#
..# #.#.#..###.#
#......##..
####....#.#.#
......)<...#
..###.###..#
.........##


You could see an adder.

Vanquished Creatures
  A leopard gecko (D:1)
  A ball python (D:1)
  2 goblins (D:1)
  8 hobgoblins
  6 jackals (D:1)
  4 kobolds (D:1)
  4 bats
  A frilled lizard (D:1)
  2 rats (D:1)
29 creatures vanquished.

Notes
Turn   | Place    | Note
-------+----------+-------------------------------------------
     0 | D:1      | louiscrawler the Tengu Fire Elementalist began the quest
                  | for the Orb.
     0 | D:1      | Reached XP level 1. HP: 10/10 MP: 4/4
   165 | D:1      | Reached XP level 2. HP: 15/15 MP: 0/6
   346 | D:1      | Learned a level 2 spell: Throw Flame
   545 | D:1      | Reached XP level 3. HP: 19/19 MP: 1/7
  1083 | D:2      | Learned a level 3 spell: Conjure Flame
  1141 | D:2      | Slain by an adder

Levels and vault maps discovered:
D:1:      psy_arrival_basics, layout_loops_corners
D:2:      layout_loops_ring, serial_glass, glass_columns_b, glass_columns_b,
          glass_columns_a, glass_columns_b, glass_columns_a, glass_columns_b,
          glass_columns_b, glass_columns_b, glass_columns_a, glass_columns_c,
          glass_columns_c, glass_columns_a, glass_columns_b, glass_columns_c,
          first_ration

Action                   || total
-------------------------++-------
Melee: Dagger            ||    14
       Peck              ||     1
 Cast: Flame Tongue      ||    45
       Throw Flame       ||     1
  Use: Scroll            ||     1
 Stab: Sleeping          ||     2
  Eat: Ration            ||     1
Armor: Robe              ||     4
Dodge: Dodged            ||    19
